 Dungeon Crawl Stone Soup version 0.20.1-1-g8b1a95d (webtiles) character file.

359 raph the Grave Robber (level 6, -12/45 HPs)
             Began as a Hill Orc Necromancer on Sept 27, 2017.
             Mangled by an ogre
             ... wielding a +0 giant club
              (20 damage)
             ... on level 6 of the Dungeon.
             The game lasted 00:09:51 (5381 turns).

raph the Grave Robber (Hill Orc Necromancer)        Turns: 5381, Time: 00:09:51

Health: -12/45     AC:  4    Str: 11    XL:     6   Next: 65%
Magic:  10/10      EV: 12    Int: 16    God:
Gold:   181        SH:  0    Dex: 12    Spells: 1/10 levels left

rFire    . . .     SeeInvis .   e - +4 dagger (venom)
rCold    . . .     Gourm    .   (no shield)
rNeg     . . .     Faith    .   l - +0 leather armour
rPois    .         Spirit   .   p - +0 helmet
rElec    .         Reflect  .   (no cloak)
rCorr    .         Harm     .   (no gloves)
MR       .....                  (no boots)
Stlth    ++........             (no amulet)
Regen    0.2/turn               (no ring)
MPRegen  0.2/turn               (no ring)

@: no status effects
A: no striking features
a: no special abilities


You were on level 6 of the Dungeon.
You were not hungry.

You visited 1 branch of the dungeon, and saw 6 of its levels.

You collected 181 gold pieces.

Inventory:

Hand Weapons
 e - a +4 dagger of venom (weapon)
 g - a +2 dagger of venom
Missiles
 h - 3 silver javelins (quivered)
Armour
 a - a +0 robe
 l - a +0 leather armour (worn)
 p - a +0 helmet (worn)
 s - a +0 buckler
Jewellery
 v - a +2 ring of dexterity {unknown}
Scrolls
 r - a scroll of remove curse
 u - a scroll of fear {unknown}
Potions
 d - 3 potions of curing {unknown}
 f - a potion of agility {unknown}
 i - 2 potions of mutation {unknown}
 j - a potion of ambrosia {unknown}
 k - a potion of haste {unknown}
 m - a potion of invisibility {unknown}
 n - a potion of resistance {unknown}
 t - a potion of brilliance {unknown}
Books
 b - a book of Necromancy

   Spells                             Type                      Level
   a - Pain                           Necromancy                   1
   b - Animate Skeleton               Necromancy                   1
   c - Vampiric Draining              Necromancy                   3
   d - Regeneration                   Charms/Necromancy            3
   e - Animate Dead                   Necromancy                   4
   f - Control Undead                 Necromancy                   4
Comestibles
 c - 3 bread rations
 o - a meat ration
 q - 3 fruits
 w - 5 chunks of flesh


   Skills:
 + Level 3.0 Dodging
 - Level 2.5 Stealth
 + Level 2.9 Spellcasting
 * Level 5.8 Necromancy


You had one spell level left.
You knew the following spells:

 Your Spells              Type           Power        Failure   Level  Hunger
a - Pain                  Necr           ###.         2%          1    #......
b - Animate Skeleton      Necr           N/A          2%          1    #......
c - Regeneration          Chrm/Necr      ##........   22%         3    ###....
d - Animate Dead          Necr           N/A          22%         4    #####..


Dungeon Overview and Level Annotations

Branches:
Dungeon (6/15)
 Temple: D:4-7

Altars:

Annotations:
D:5 Rhok's ghost, amateur DrTm


Message History

This raw flesh tastes terrible.
A centaur zombie comes into view.
An orc and an ogre come into view.
The centaur zombie moves out of view.
An orc comes into view.
An orc comes into view. It is wielding a whip.
The orc shouts! x2; You hear a shout!
The orc shouts!
The ogre shouts!
An orc comes into view.
You hit the orc.
The orc is poisoned.
The orc is lightly wounded.
The orc hits you with an enchanted dagger.
You hit the ogre but do no damage. The ogre hits you with a giant club!!
Ouch! That really hurt!
* * * LOW HITPOINT WARNING * * *
The ogre hits you with a giant club.
* * * LOW HITPOINT WARNING * * *
You hit the ogre.
The ogre is poisoned.
The ogre is moderately wounded.
The ogre hits you with a giant club!!
You die...

# #. ##.#
#oo.##
#.#####.# #
#.o.<...#
#.###o#######
#.@O## #####


You could see an ogre and 2 orcs.

Vanquished Creatures
  A bullfrog (D:6)
  A hound (D:4)
  2 orc wizards (D:5)
  A hound skeleton (D:4)
  7 adders
  3 gnolls
  A worm (D:2)
  2 dart slugs
  4 leopard geckos
  4 orcs
  2 ball pythons
  7 giant cockroaches
  10 goblins
  5 hobgoblins
  3 jackals (D:2)
  12 kobolds
  2 quokkas (D:4)
  12 bats
  5 frilled lizards
  A leopard gecko skeleton (D:4)
  10 rats
95 creatures vanquished.

Vanquished Creatures (collateral kills)
  An orc (D:3)
  A hobgoblin (D:3)
  A rat (D:1)
3 creatures vanquished.

Vanquished Creatures (others)
  A plant (D:1)
1 creature vanquished.

Grand Total: 99 creatures vanquished

Notes
Turn   | Place    | Note
-------+----------+-------------------------------------------
     0 | D:1      | raph the Hill Orc Necromancer began the quest for the Orb.
     0 | D:1      | Reached XP level 1. HP: 14/14 MP: 3/3
    29 | D:1      | Learned a level 1 spell: Animate Skeleton
   242 | D:1      | Reached XP level 2. HP: 18/20 MP: 1/4
   833 | D:1      | Reached XP level 3. HP: 21/26 MP: 6/6
  1278 | D:1      | Learned a level 3 spell: Regeneration
  2145 | D:2      | Reached XP level 4. HP: 29/33 MP: 5/7
  3165 | D:3      | Reached XP level 5. HP: 38/38 MP: 1/8
  3443 | D:3      | Reached skill level 5 in Necromancy
  4168 | D:4      | Learned a level 4 spell: Animate Dead
  4874 | D:4      | Reached XP level 6. HP: 34/45 MP: 9/9
  5195 | D:5      | Entered Level 5 of the Dungeon
  5203 | D:5      | Noticed Rhok's ghost (amateur DrTm)
  5381 | D:6      | Mangled by an ogre

Skill      XL: |  1  2  3  4  5  6 |
---------------+-------------------+-----
Spellcasting   | 2 |  2.9
Stealth        | 2 |  2.5
Dodging        | 2 3 |  3.0
Necromancy     | 5 |  5.8

Action                   |  1- 3 |  4- 6 || total
-------------------------+-------+-------++-------
Melee: Dagger            |   172 |    85 ||   257
 Cast: Pain              |    46 |    66 ||   112
       Animate Skeleton  |    18 |    19 ||    37
       Regeneration      |       |     1 ||     1
  Use: Scroll            |     1 |     2 ||     3
 Stab: Distracted        |     1 |       ||     1
       Sleeping          |     2 |     8 ||    10
  Eat: Chunk             |     5 |    12 ||    17
Armor: Robe              |    11 |       ||    11
       Leather armour    |     5 |    23 ||    28
Dodge: Dodged            |    70 |    63 ||   133
